 Dungeon Crawl Stone Soup version 0.17-a0-1129-g5854844 (webtiles) character file.

149 Hanyuu the Insei (level 5, -6/34 HPs)
             Began as an Octopode Transmuter on May 24, 2015.
             Mangled by a gnoll
             ... wielding a cursed -1 spear
              (7 damage)
             ... on level 3 of the Dungeon.
             The game lasted 00:04:53 (2105 turns).

Hanyuu the Insei (Octopode Transmuter)              Turns: 2105, Time: 00:04:53

Health: -6/34      AC:  1    Str:  9    XL:     5   Next: 31%
Magic:  4/8        EV: 18    Int: 16    God:
Gold:   122        SH:  0    Dex: 18    Spells: 3 memorised, 2 levels left

rFire  . . .     SeeInvis .       - Unarmed
rCold  . . .     Clarity  .     (no shield)
rNeg   . . .     SustAt   .     (helmet restricted)
rPois  .         Gourm    .     (no amulet)
rElec  .         Spirit   .     e - ring of wizardry
rCorr  .         Warding  .     (no ring)
rMut   .         Stasis   .     (no ring)
MR     .....                    (no ring)
Stlth  ++++......               (no ring)
                                (no ring)
                                (no ring)
                                (no ring)

@: agile, very slightly contaminated, not resistant to hostile enchantments,
stealthy
A: almost no armour, amphibious, 8 rings, constrict 8, camouflage 1, gelatinous
body 1
a: no special abilities


You were on level 3 of the Dungeon.
You were not hungry.

You visited 1 branch of the dungeon, and saw 3 of its levels.

You collected 122 gold pieces.

Inventory:

Missiles
 a - 24 arrows
 h - 18 poisoned needles
 i - 3 javelins (quivered)
Jewellery
 e - a ring of wizardry (left tentacle)
Scrolls
 f - 2 scrolls of amnesia {unknown}
 m - 2 scrolls of teleportation
 p - a scroll of blinking {unknown}
 q - a scroll of immolation {unknown}
 r - a scroll of enchant weapon {unknown}
Potions
 g - a potion of curing {unknown}
 j - a potion of haste {unknown}
 k - 2 potions of brilliance
 n - a potion of agility
Books
 b - a book of Changes

   Spells                             Type                      Level
   a - Beastly Appendage              Transmutation                1
   b - Sticks to Snakes               Transmutation                2
   c - Spider Form                    Transmutation/Poison         3
   d - Ice Form                       Ice/Transmutation            4
   e - Blade Hands                    Transmutation                5
Comestibles
 c - a bread ration
 d - 2 royal jellies
 l - 2 meat rations
 o - 3 chunks of flesh


   Skills:
 + Level 1.9 Fighting
 - Level 2.0 Dodging
 * Level 5.3 Unarmed Combat
 - Level 2.0 Spellcasting
 + Level 2.4 Transmutations


You had 2 spell levels left.
You knew the following spells:

 Your Spells              Type           Power        Failure   Level  Hunger
a - Beastly Appendage     Trmt           #.....       4%          1    #......
b - Sticks to Snakes      Trmt           #.........   6%          2    ###....
c - Spider Form           Trmt/Pois      #.........   16%         3    ###....


Dungeon Overview and Level Annotations

Branches:
Dungeon (3/15)

Altars:
Elyvilon
Fedhas


Innate Abilities, Weirdness & Mutations

You cannot wear most types of armour.
You are amphibious.
You can wear up to eight rings at the same time.
You can use your tentacles to constrict eight enemies at once.
Your skin changes colour to match your surroundings (Stealth).
Your rubbery body absorbs attacks (AC +1).


Message History

Your transformation has ended.
The gnoll barely misses you. The kobold hits you.
* * * LOW HITPOINT WARNING * * *
You tentacle-slap the kobold.
You kill the kobold!
The gnoll hits you from afar with a spear.
* * * LOW HITPOINT WARNING * * *
The gnoll hits you with a spear.
* * * LOW HITPOINT WARNING * * *
Things that are here:
a spear; a gnoll corpse Read which item? (? for menu, Esc to quit)
Okay, then.
Sorry, you're not good enough to have a special ability.
Drink which item? (? for menu, Esc to quit)
Okay, then.
Drink which item? (? for menu, Esc to quit)
You feel agile all of a sudden. The gnoll hits you with a spear!
You die...

###<...(# #.# ##....#
#.# ** ####.# #.#
,******.# #.#
,,,,,,,.# #.#
,******** #.# ,*
#.### ,* ########.).#
,********#......@g..#
,**,,,,....###)###..#
,**,,,,.,,,* #.# *..#
,**,,,,,,,,**#.#**..#
,,,,,,,,,,,+,._.,+..#
***,,,,,,,,**###**g##
*,,,,,,,,* ### *g#
*,,,,,,,,**###**g#
*******,,,,,,,,,,*


You could see a gnoll.

Vanquished Creatures
  3 gnolls (D:3)
  8 adders
  2 giant geckos
  An orc (D:3)
  2 giant cockroaches (D:1)
  4 goblins
  4 hobgoblins
  9 kobolds
  A ball python (D:1)
  8 bats
  5 giant newts
  6 rats
53 creatures vanquished.

Notes
Turn   | Place    | Note
--------------------------------------------------------------
     0 | D:1      | Hanyuu the Octopode Transmuter began the quest for the Orb.
     0 | D:1      | Reached XP level 1. HP: 13/13 MP: 3/3
   412 | D:1      | Reached XP level 2. HP: 15/18 MP: 5/5
   917 | D:2      | Reached skill level 4 in Unarmed Combat
   917 | D:2      | Reached XP level 3. HP: 20/23 MP: 6/6
   924 | D:2      | Learned a level 2 spell: Sticks to Snakes
   928 | D:2      | Learned a level 3 spell: Spider Form
  1145 | D:2      | Found a white marble altar of Elyvilon.
  1505 | D:2      | Reached XP level 4. HP: 18/28 MP: 7/7
  1622 | D:2      | Reached skill level 5 in Unarmed Combat
  1998 | D:3      | Reached XP level 5. HP: 27/33 MP: 8/8
  2091 | D:3      | Found a blossoming altar of Fedhas.
  2104 | D:3      | HP: 1/34 [gnoll/spear (4)]
  2105 | D:3      | Mangled by a gnoll

Vault maps used:
D:1:      dpeg_arrival_long_road
D:2:      lemuel_round_altar
D:3:      lemuel_doored_altar, minmay_misc_feat_more_columns, tgw_xom,
          uniq_grinder, uniq_crazy_yiuf_cottage, uniq_robin

Action                   |  1- 3 |  4- 6 || total
-------------------------+-------+-------++-------
Melee: Unarmed           |    85 |    50 ||   135
 Cast: Spider Form       |       |     1 ||     1
  Use: Scroll            |       |     5 ||     5
       Potion            |       |     1 ||     1
 Stab: Sleeping          |     7 |     5 ||    12
  Eat: Chunk             |     2 |     2 ||     4
